NCommander, chaotic male elven Priest --------------- |.............| +....`........| |.............| #-.............| --------|------ # # # # # ## -------.- |..d@...| |..dd....### |n.$...(| --------- NCommander the Acolyte Experience level: 4 Strength: 25 Dexterity: 12 Constitution: 16 Intelligence: 8 Wisdom: 17 Charisma: 10 Health: 0(38) Energy: 65(65) Def: 6 Gold: 1388 Moves: 2870 Dungeon seed: vZqnzVnlFI0Lhlqj Game ID: NCommander_1476141016 Your Inventory: Coins $ - 1388 gold pieces Weapons a - a blessed +1 mace (weapon in hand) o - the uncursed +0 Fire Brand x - a blessed +3 dagger Armor e - a blessed +0 robe (being worn) n - an uncursed +0 small shield (being worn) y - an uncursed +0 ring mail (being worn) B - an uncursed -3 pair of levitation boots (being worn) C - an uncursed +0 pair of gauntlets of power (being worn) N - an uncursed +0 orcish helm (being worn) Y - a cursed +0 Hawaiian shirt Comestibles c - an uncursed clove of garlic d - 2 uncursed sprigs of wolfsbane s - an uncursed apple D - 4 uncursed lembas wafers Scrolls i - a cursed scroll of remove curse p - an uncursed scroll of identify v - an uncursed scroll of scare monster A - an uncursed scroll of destroy armor Potions b - 2 potions of holy water k - a cursed potion of fruit juice l - 2 uncursed potions of sleeping m - an uncursed potion of speed u - an uncursed potion of paralysis w - an uncursed potion of restore ability H - a cursed potion of hallucination I - a cursed potion of oil J - an uncursed potion of gain ability K - a cursed potion of object detection Wands t - an uncursed wand of undead turning (0:3) E - a cursed wand of cold (0:5) F - a cursed wand of striking (0:2) Tools G - an uncursed skeleton key Gems q - 2 uncursed worthless pieces of black glass r - an uncursed worthless piece of blue glass z - 3 uncursed worthless pieces of yellow glass Spells and supernatural/magical abilities: Name Level Category Fail Memory l - light 1 divination 100% 86% v - clairvoyance 3 divination 100% 86% W - pray for help -- divine ? -- X - turn undead -- divine ? -- Your skills at the end: Fighting Skills Weapon Skills mace [Basic] Spellcasting Skills clerical spells [Basic] Final Attributes: You were piously aligned. You were sleep resistant. You had infravision. You were levitating. You are dead. Vanquished creatures: a blue jelly an ape 2 human zombies a black naga hatchling a straw golem a kitten 3 hill orcs a giant bat 2 iguanas an acid blob a coyote 4 gnomes a gecko 5 jackals a kobold 3 lichens 3 newts 32 creatures vanquished. Voluntary challenges: You used a wielded weapon 55 times, starting on turn 3. You read items or engraved 75 times, starting on turn 705. You never genocided any monsters. You never polymorphed an object. You never changed form. You used no wishes. You never split a pudding. You wrote Elbereth's name 59 times, starting on turn 705. You never violated your personal moral code. Dungeon overview: The Dungeons of Doom: levels 1 to 10 Level 1 an altar to Venus a long staircase Level 2 Level 3 Level 4 a fountain stairs to The Gnomish Mines Level 5 Level 6 a fountain Level 7 a fountain, a sink Level 8 many fountains Level 9 <- You were here Level 10 a sink The Gnomish Mines: Level 5 stairs to The Dungeons of Doom History has recorded: On T:1 you entered the Dungeons of Doom to retrieve the Amulet of Yendor! On T:259 you reached level 2 of The Dungeons of Doom. On T:458 you reached level 3 of The Dungeons of Doom. On T:515 you reached level 4 of The Dungeons of Doom. On T:562 you reached level 1 of The Gnomish Mines. On T:683 you reached level 5 of The Dungeons of Doom. On T:780 you advanced to experience level 2. On T:985 you reached level 6 of The Dungeons of Doom. On T:1431 you advanced to experience level 3. On T:1508 you reached level 7 of The Dungeons of Doom. On T:1640 you reached level 8 of The Dungeons of Doom. On T:1906 you advanced to experience level 4. On T:2570 you advanced to experience level 5. On T:2722 you reached level 9 of The Dungeons of Doom. On T:2746 you reached level 10 of The Dungeons of Doom. Score breakdown: Gold: 1388 (10690 points) Experience: 4 levels ( 9649 points) Exploration: 10 levels ( 20.41%) (12990 points) Discoveries: 3 items ( 1.05%) ( 3072 points) Valuables value: (no points given unless you survive) Artifact value: 3000 (11828 points) Variety of kills: 17 monsters ( 4.46%) ( 6336 points) Turncount: 2870 turns ( -534 points) Survival: died (score multiplied by 80%) Total score: 43224 Latest messages: You are surrounded by a shimmering light. The werewolf changes into a human. The werewolf starts to attack you, but pulls back. (3x) You feel that Mars is well-pleased. You feel much better. You start removing your pair of levitation boots. You stop changing your equipment. The werewolf summons help! The werewolf hits! The werewolf changes into a wolf. You can't reach the floor! The werewolf changes into a human. The werewolf changes into a wolf. You are floating high above the floor. Never mind. The wolf bites! (2x) The werewolf bites! The wolf bites! The werewolf bites! You die... Final status: Goodbye NCommander the Priest, killed by a werewolf... You died in The Dungeons of Doom on dungeon level 9 with 43224 points, and 1388 pieces of gold, after 2870 moves. You were level 4 with a maximum of 38 hit points when you died.